 Dungeon Crawl Stone Soup version 0.32-a0-768-g0f6f1dd4b9 (webtiles) character file.

Game seed: 15920284808445926847

33 Xavori the Trooper (level 3, -1/30 HPs)
             Began as a Djinni Chaos Knight on Mar 19, 2024.
             Was a Plaything of Xom.
             Slain by an adder (2 damage)
             ... on level 2 of the Dungeon.
             The game lasted 00:00:57 (8122 turns).

Xavori the Trooper (Djinni Chaos Knight)            Turns: 8122, Time: 00:00:57

Health: -1/30      AC:  5    Str: 11    XL:     3   Next: 47%
Gold:   76         EV: 11    Int: 13    God:    Xom [....*.] SH:  0 Dex: 14

rFire   + + +        a - +0 falchion (chaos)
rCold   x . .        (no shield)
rNeg    . . .        b - +2 leather armour
rPois   ∞            (helmet restricted)
rElec   +            (no cloak)
rCorr   .            (no gloves)
SInv    .            (boots unavailable)
Will    +....        (no amulet)
Stlth   ++           (no ring)
HPRegen 0.25/turn    (no ring)
MPRegen 0.00/turn

%: infuse magic (-2 HP)
@: flying
A: sickness immunity, fire resistance 3, cold vulnerability 1, float, innate
caster, HP casting, extra vitality 1, antennae 1, camouflage 1, strong-willed 1,
electricity resistance, evolution 1
a: Renounce Religion


You were on level 2 of the Dungeon.
You worshipped Xom.
You were a beloved toy of Xom.
You visited 1 branch of the dungeon, and saw 2 of its levels.

You collected 76 gold pieces.

Inventory:

Hand Weapons
 a - a +0 falchion of chaos (weapon)
Armour
 b - a +2 leather armour (worn)
Scrolls
 c - a scroll of butterflies
 d - a scroll of identify {unknown}
 f - a scroll of enchant weapon {unknown}
 g - a scroll of blinking {unknown}
Potions
 e - 3 potions of curing {unknown}


   Skills:
 + Level 3.2 Fighting
 + Level 2.9 Long Blades
 + Level 1.4 Armour
 + Level 2.5 Dodging
 * Level 1.1 Spellcasting
 * Level 1.1 Conjurations
 * Level 1.1 Hexes
   Level 0.0 Charms
 * Level 1.1 Summonings
 * Level 1.1 Necromancy
 * Level 1.1 Translocations
   Level 0.0 Transmutations
 * Level 1.1 Fire Magic
 * Level 1.1 Ice Magic
 * Level 1.1 Air Magic
 * Level 1.1 Earth Magic
 * Level 1.1 Alchemy


You knew the following spells:

 Your Spells              Type           Power      Damage    Failure   Level
a - Magic Dart            Conj           12%        1d3       24%         1
Your spell library was empty.

Dungeon Overview and Level Annotations

Branches:
Dungeon (2/15)

Altars:


Innate Abilities, Weirdness & Mutations

You are immune to sickness and miasma.
You are immune to poison.
Your flesh is almost immune to the effects of heat. (rF+++)
You are vulnerable to cold. (rC-)
You float through the air rather than walking.
You learn spells naturally, not from books.
Your magical power is your life essence.
You have superior vitality. (+4 MHP)
You have a pair of small antennae on your head.
Your skin changes colour to match your surroundings (Stealth+).
You are strong-willed. (Will+)
You are resistant to electric shocks. (rElec)
You have hidden genetic potential.


Message History

3 gnolls and an adder come into view.
The gnoll shouts!
The adder hisses angrily.
There are monsters nearby!
The gnoll shouts! x2
The gnoll hits you from afar with a +0 halberd.
There is an open door here. "Serve the mortal, my child!"
The gnoll hits you with a +0 halberd.
There are monsters nearby!
You closely miss the adder. The adder bites you.
The gnoll hits you with a +0 halberd. The gnoll hits you with a +0 whip.
The gnoll closely misses you. The adder bites you but does no damage.
Your white imp gestures at the gnoll.
The puff of frost hits the gnoll.
You are too injured to fight recklessly!
The gnoll barely misses you. The gnoll hits you with a +0 halberd!
* * * LOW HITPOINT WARNING * * *
The adder attacks as it pursues you! The adder closely misses you.
There is an open door here.
You swap places.
The gnoll closely misses you.
The adder bites your white imp but does no damage.
The gnoll closely misses your white imp.
Your white imp barely misses the gnoll.
The adder closely misses your white imp.
The gnoll barely misses your white imp.
The gnoll hits your white imp with a +0 whip.
The adder bites your white imp.
Your white imp closely misses the gnoll.
The gnoll barely misses your white imp.
The gnoll hits your white imp with a +0 whip!
Your white imp dies!
Your white imp disappears in a puff of smoke!
The adder attacks as it pursues you! The adder barely misses you.
You closely miss the adder. The adder bites you.
* * * LOW HITPOINT WARNING * * *
The adder barely misses you.
You closely miss the adder. The adder closely misses you.
You closely miss the adder. The adder bites you.
You die...
Xom snickers!

...........+.........+....
#####.....##.........####.
#..#### #.......# ## #.##
#.....# # #.# #.gg# # #.
##'## # #. #S# #
#.##########.# #
#....@Sggg.#.## #
##########....## #.....#
##....## #....#########
#.#..........)
#....######### ####.# #.#


You could see 3 gnolls and an adder.

Vanquished Creatures
  5 ball pythons
  5 endoplasms
  A giant cockroach (D:1)
  3 goblins
  6 hobgoblins (D:1)
  3 kobolds (D:1)
  4 bats
  A rat (D:1)
28 creatures vanquished.

Notes
Turn   | Place    | Note
-------+----------+-------------------------------------------
     0 | D:1      | Xavori the Djinni Chaos Knight began the quest for the Orb.
     0 | D:1      | Reached XP level 1. HP: 20/20 MP: 0/0
    20 | D:1      | XOM: silly message
    96 | D:1      | Reached XP level 2. HP: 24/25 MP: 0/0
   531 | D:1      | Reached XP level 3. HP: 27/30 MP: 0/0
   531 | D:1      | Learned a level 1 spell: Magic Dart
   550 | D:1      | Found a faded altar of an unknown god.
   575 | D:1      | Reached skill level 1 in Spellcasting
   575 | D:1      | Reached skill level 1 in Conjurations
   575 | D:1      | Reached skill level 1 in Hexes
   575 | D:1      | Reached skill level 1 in Summonings
   575 | D:1      | Reached skill level 1 in Necromancy
   575 | D:1      | Reached skill level 1 in Translocations
   575 | D:1      | Reached skill level 1 in Fire Magic
   575 | D:1      | Reached skill level 1 in Ice Magic
   575 | D:1      | Reached skill level 1 in Air Magic
   575 | D:1      | Reached skill level 1 in Earth Magic
   575 | D:1      | Reached skill level 1 in Alchemy
   935 | D:1      | XOM: divination: detect creatures
  1667 | D:1      | XOM: silly message
  1758 | D:1      | XOM: silly message
  2382 | D:1      | XOM: noise
  2446 | D:1      | XOM: god gift: blue potion {god gift}
  4060 | D:1      | XOM: silly message
  4251 | D:1      | XOM: god gift: fuming emerald potion {god gift}
  4479 | D:1      | XOM: noise
  4978 | D:1      | XOM is BORED!
  4978 | D:1      | XOM: silly message
  6285 | D:1      | XOM: divination: detect items
  6358 | D:1      | XOM: silly message
  6592 | D:1      | XOM is BORED!
  6592 | D:1      | XOM: silly message
  6665 | D:1      | XOM: give mutations
  6665 | D:1      | Gained mutation: Your skin changes colour to match your
                  | surroundings (Stealth+). [Xom's grace]
  6665 | D:1      | Gained mutation: Your flesh is almost immune to the effects
                  | of heat. (rF+++) [Xom's grace]
  6880 | D:1      | XOM: scenery: summon butterflies
  6901 | D:1      | XOM: scenery: summon butterflies
  7076 | D:1      | XOM is BORED!
  7076 | D:1      | XOM: torment (16/30 hp)
  7566 | D:1      | XOM: give mutations
  7566 | D:1      | Gained mutation: You are resistant to electric shocks.
                  | (rElec) [Xom's grace]
  7566 | D:1      | Gained mutation: You have hidden genetic potential. [Xom's
                  | grace]
  7566 | D:1      | Gained mutation: You have a pair of small antennae on your
                  | head. [Xom's grace]
  7566 | D:1      | Gained mutation: You are strong-willed. (Will+) [Xom's
                  | grace]
  8107 | D:2      | XOM: summons friendly white imp
  8109 | D:2      | HP: 1/30 [gnoll/+0 halberd (12)]
  8120 | D:2      | HP: 1/30 [adder (3)]
  8122 | D:2      | Slain by an adder

Illustrated notes

Levels and vault maps discovered:
D:1:      minmay_arrival_four_houses, layout_loops_ring,
          dreamdust_ecumenical_altar_hidden_monk_grotto
D:2:      layout_loops_corners

Skill      XL: |  1  2  3 |
---------------+----------+-----
Spellcasting   | 1 |  1.1
Conjurations   | 1 |  1.1
Hexes          | 1 |  1.1
Summonings     | 1 |  1.1
Necromancy     | 1 |  1.1
Translocations | 1 |  1.1
Fire Magic     | 1 |  1.1
Ice Magic      | 1 |  1.1
Air Magic      | 1 |  1.1
Earth Magic    | 1 |  1.1
Alchemy        | 1 |  1.1
Fighting       | |  3.2
Long Blades    | |  2.9
Armour         | |  1.4
Dodging        | |  2.5

Action                     || total
---------------------------++-------
  Melee: Falchion          ||    72
    Use: Potion            ||     1
 Armour: Leather armour    ||    57
  Dodge: Dodged            ||    45

Table legend: (Time is in decaauts)
 A = Elapsed time spent in this place.
 B = Non-inter-level travel time spent in this place.
 C = Inter-level travel time spent in this place.
 D = Time resting spent in this place.
 E = Time spent auto-exploring this place.
 F = Levels seen in this place.
 G = Mean time per level.
                   A        B        C        D        E       F      G
               +--------+--------+--------+--------+--------+-----+--------+
         Total |   8133 |   8101 |     32 |   7133 |    764 |   2 | 4066.5 |
       Dungeon |   8133 |   8101 |     32 |   7133 |    764 |   2 | 4066.5 |
               +--------+--------+--------+--------+--------+-----+--------+

Top non-repeatable levels by time:
     D:1: 7960 daAuts
     D:2: 172 daAuts
